 Dungeon Crawl Stone Soup version 0.30-a0-738-g116ff8c4af (webtiles) character file.

Game seed: 18111774453254310921

51 Leeroy the Slasher (level 3, -4/18 HPs)
             Began as a Vine Stalker Warper on Feb 3, 2023.
             Blown up by Ijyb (10 damage)
             ... with a mindburst bolt
             ... on level 3 of the Dungeon.
             The game lasted 00:02:25 (1552 turns).

Leeroy the Slasher (Vine Stalker Warper)            Turns: 1552, Time: 00:02:26

Health: -4/18      AC:  3    Str: 13    XL:     3   Next: 81%
Magic:  0/7        EV: 11    Int: 13    God:
Gold:   83         SH:  0    Dex: 15    Spells: 6/6 levels left

rFire   . . .      SeeInvis .    a - +0 falchion
rCold   . . .      Faith    .    o - orb {light}
rNeg    . . .      Spirit   +    b - +0 leather armour
rPois   .          Reflect  .    (no helmet)
rElec   .          Harm     .    (no cloak)
rCorr   .          Rampage  .    (no gloves)
Will    .....                    (no boots)
Stlth   +                        (no amulet)
HPRegen 0.23/turn                (no ring)
MPRegen 0.10/turn                (no ring)

@: glowing
A: fangs 2, magic shield, antimagic bite, no potion heal 2
a: no special abilities


You were on level 3 of the Dungeon.
You visited 1 branch of the dungeon, and saw 3 of its levels.

You collected 83 gold pieces.

Inventory:

Hand Weapons
 a - a +0 falchion (weapon)
 h - a +1 mace of draining
Missiles
 d - 6 boomerangs of dispersal (quivered)
 u - 6 boomerangs
Armour
 b - a +0 leather armour (worn)
 o - an orb of light (worn)
Wands
 p - a wand of roots (7)
Scrolls
 c - a scroll of blinking
 g - 3 scrolls of identify {unknown}
 j - a scroll of torment {unknown}
 k - a scroll of fear {unknown}
 l - a scroll of teleportation {unknown}
 r - a scroll of brand weapon {unknown}
 s - a scroll of vulnerability {unknown}
 t - a scroll of enchant weapon {unknown}
 v - a scroll of summoning {unknown}
 w - a scroll of fog {unknown}
Potions
 e - a potion of ambrosia {unknown}
 f - a potion of degeneration {unknown}
 i - 3 potions of curing {unknown}
 m - a potion of mutation {unknown}
 n - a potion of lignification {unknown}
 q - a potion of cancellation {unknown}


   Skills:
 - Level 1.7 Fighting
 + Level 3.6 Long Blades
 - Level 0.8 Throwing
 - Level 0.7 Armour
 - Level 1.5 Dodging
 - Level 2.1 Spellcasting
 - Level 3.0 Translocations


You had 6 spell levels left.
You didn't know any spells.
Your spell library contained the following spells:

 Spells                   Type           Power      Damage    Failure   Level
 Blink                    Tloc           18%        N/A       14%         2
 Lesser Beckoning         Tloc           18%        N/A       14%         2
 Teleport Other           Tloc           9%         N/A       28%         3
 Beastly Appendage        Tmut           2%         N/A       32%         1
 Kiss of Death            Conj/Necr      4%         2d5       32%         1
 Sting                    Tmut/Pois      4%         1d3       32%         1
 Poisonous Vapours        Pois/Air       2%         N/A       43%         2
 Wereblood                Tmut           1%         N/A       43%         2
 Vhi's Electric Charge    Tloc/Air       10%        N/A       45%         3
 Confusing Touch          Hex            1%         N/A       67%         3
 Spider Form              Tmut/Pois      1%         N/A       67%         3
 Manifold Assault         Tloc           9%         N/A       67%         4
 Dispel Undead            Necr           1%         3d6       97%         4
 Olgreb's Toxic Radiance  Pois           1%         N/A       97%         4


Dungeon Overview and Level Annotations

Branches:
Dungeon (3/15)

Altars:
Xom

Annotations:
D:3 Ijyb


Innate Abilities, Weirdness & Mutations

You have extremely sharp teeth.
When hurt, damage is shared between your health and your magic reserves.
Your bite disrupts and absorbs the magic of your enemies.
Potions cannot restore your health.


Message History

The rat closely misses you.
You hit the rat.
You kill the rat!
No target in view!
You see here a rat corpse.
A hobgoblin comes into view.
The hobgoblin shouts!
A hobgoblin is nearby!
Found 30 gold pieces.
The hobgoblin hits you but does no damage.
You hit the hobgoblin.
You kill the hobgoblin!
No target in view!
No target in view!
No target in view!
No target in view!
No target in view!
You now have 67 gold pieces (gained 14).
Found a stone staircase leading down.
You now have 83 gold pieces (gained 16).
Ijyb the Twisted Goblin comes into view.
She is wielding a +0 dagger and carrying a wand of mindburst (8).
Ijyb shouts!
Found 6 stones.
Ijyb hits you with a +0 dagger.
You hit Ijyb but do no damage. Your bite misses Ijyb.
Ijyb hits you with a +0 dagger.
You hit Ijyb but do no damage. You bite Ijyb, but do no damage.
Ijyb hits you with a +0 dagger.
You are too injured to fight recklessly!
You are too injured to fight recklessly!
You are too injured to fight recklessly!
You are too injured to fight recklessly!
You barely miss Ijyb. You bite Ijyb. You drain her power.
You feel invigorated.
Ijyb is lightly wounded.
Ijyb zaps a wand.
Your mind is blasted!
You barely miss Ijyb. You bite Ijyb. You drain her power.
You feel invigorated.
Ijyb is moderately wounded.
Ijyb zaps a wand.
Your mind is blasted!
Ouch! That really hurt!
You die...

#.........+++++##
#..#.............#
.. #..........##.#
# ##..........#
............#
###........##
#..........#
#...$......#
#.....@....#
#.....g..>.#
#..........#
##........##
##.........
####.####(# #.#
... #.# #.


You could see Ijyb.

Vanquished Creatures
  A dart slug (D:2)
  4 ball pythons (D:1)
  3 bats (D:1)
  6 endoplasms (D:1)
  6 giant cockroaches
  A goblin (D:2)
  3 hobgoblins
  3 jackals (D:1)
  A quokka (D:2)
  2 frilled lizards (D:1)
  4 kobolds
  13 rats
47 creatures vanquished.

Notes
Turn   | Place    | Note
-------+----------+-------------------------------------------
     0 | D:1      | Leeroy the Vine Stalker Warper began the quest for the Orb.
     0 | D:1      | Reached XP level 1. HP: 11/11 MP: 4/4
     1 | D:1      | Found a runed translucent door.
   133 | D:1      | Reached XP level 2. HP: 15/15 MP: 6/6
   686 | D:1      | Reached XP level 3. HP: 12/18 MP: 7/7
   831 | D:2      | Found a shimmering altar of Xom.
  1545 | D:3      | Noticed Ijyb
  1552 | D:3      | Blown up by Ijyb

Illustrated notes

Levels and vault maps discovered:
D:1:      dpeg_arrival_caged_fury, layout_loops_ring
D:2:      layout_loops_corners, basic_altar, minmay_tetromino_i4
D:3:      layout_rooms, hellmonk_ecumenical_altar_heavens_door, uniq_ijyb

Skill      XL: |  1  2 |
---------------+-------+-----
Long Blades    | 2 3 |  3.6
Fighting       | |  1.7
Throwing       | |  0.8
Armour         | |  0.7
Dodging        | |  1.5
Spellcasting   | |  2.1
Translocations | |  3.0

Action                     || total
---------------------------++-------
  Melee: Falchion          ||   116
         Bite              ||    21
         Punch             ||     2
  Throw: Boomerang         ||     1
 Armour: Leather armour    ||    40
  Dodge: Dodged            ||    76

Table legend: (Time is in decaauts)
 A = Elapsed time spent in this place.
 B = Non-inter-level travel time spent in this place.
 C = Inter-level travel time spent in this place.
 D = Time resting spent in this place.
 E = Time spent auto-exploring this place.
 F = Levels seen in this place.
 G = Mean time per level.
                   A        B        C        D        E       F      G
               +--------+--------+--------+--------+--------+-----+--------+
         Total |   1569 |   1528 |     41 |      0 |   1221 |   3 |  523.0 |
       Dungeon |   1569 |   1528 |     41 |      0 |   1221 |   3 |  523.0 |
               +--------+--------+--------+--------+--------+-----+--------+

Top non-repeatable levels by time:
     D:1: 767 daAuts
     D:2: 763 daAuts
     D:3: 38 daAuts
